 Dungeon Crawl Stone Soup version 0.30-b1-2-g02819fbbbe (webtiles) character file.

Game seed: 6067807678947822968

74274 Ramwell the Severer (level 15, 0/145 HPs)
             Began as a Minotaur Berserker on Aug 18, 2023.
             Was an Elder of Trog.
             Killed from afar by Frances (39 damage)
             ... with a shard of ice
             ... on level 13 of the Dungeon on Aug 21, 2023.
             The game lasted 02:32:59 (25394 turns).

Ramwell the Severer (Minotaur Berserker)           Turns: 25394, Time: 02:32:59

Health: 0/145      AC: 32    Str: 29    XL:     15   Next: 6%
Magic:  14/14      EV: 12    Int:  6    God:    Trog [****..]
Gold:   1902       SH:  0    Dex: 10    Spells: 14/14 levels left

rFire   . . .        v - +3 executioner's axe
rCold   . . .        (shield currently unavailable)
rNeg    . . .        E - +2 plate armour {rPois}
rPois   +            D - +2 hat
rElec   .            K - +2 cloak
rCorr   .            y - +0 pair of gloves
SInv    .            o - +0 pair of boots of Anaesthesia {Int+2}
Will    ++++.        T - amulet of faith Stlth
                     P - ring of willpower
HPRegen 1.44/turn    Q - +4 ring of protection
MPRegen 0.14/turn

%: faith
@: strong-willed, regenerating
A: horns 2, retaliatory headbutt
a: Renounce Religion, Berserk, Trog's Hand, Brothers in Arms


You were on level 13 of the Dungeon.
You worshipped Trog.
Trog was greatly pleased with you.
You visited 4 branches of the dungeon, and saw 21 of its levels.

You collected 2709 gold pieces.
You spent 807 gold pieces at shops.

Inventory:

Hand Weapons
 a - the +7 mace of Evisceration {flame, rElec}
   (You found it on level 1 of the Lair of Beasts)

   rElec:     It insulates you from electricity.
 h - a +3 battleaxe of flaming
 i - a +3 antimagic bardiche
 j - a +3 war axe of freezing
 v - a +3 executioner's axe (weapon)
 U - a +8 battleaxe
Missiles
 b - 17 boomerangs
 g - 23 poisoned darts
 w - 9 curare-tipped darts (quivered)
Armour
 d - +0 acid dragon scales
 e - a +1 chain mail of fire resistance
 f - a +2 chain mail of cold resistance
 l - an orb of mayhem
 o - the +0 pair of boots of Anaesthesia (worn) {Int+2}
   (You found it on level 3 of the Lair of Beasts)

   Int:       It affects your intelligence (+2).
 s - the +0 tower shield of Rationality {Fly rCorr Str-2 Int-5}
   (You found it on level 3 of the Lair of Beasts)

   Str:       It affects your strength (-2).
   Int:       It affects your intelligence (-5).
   Fly:       It grants you flight.
   rCorr:     It protects you from acid and corrosion.
 y - a +0 pair of gloves (worn)
 C - the +0 robe of Majestic Freedom {rPois rF+ Regen+ Str+3}
   (You found it on level 3 of the Dungeon)

   Str:       It affects your strength (+3).
   rF:        It protects you from fire.
   rPois:     It protects you from poison.
   Regen:     It increases your rate of health regeneration.
 D - a +2 hat (worn)
 E - a +2 plate armour of poison resistance (worn)
 K - a +2 cloak (worn)
Jewellery
 k - a ring of fire
 F - a ring of ice
 M - a +6 ring of intelligence
 P - a ring of willpower (left hand)
 Q - a +4 ring of protection (right hand)
 R - an amulet of reflection
 T - an amulet of faith (around neck)
Wands
 m - a wand of paralysis (3)
 p - a wand of digging (6)
 H - a wand of quicksilver (4)
 I - a wand of roots (14)
 J - a wand of polymorph (8)
Scrolls
 n - 2 scrolls of blinking
 r - a scroll of acquirement
 A - 4 scrolls of identify
 G - 2 scrolls of silence
 L - 3 scrolls of teleportation
 N - 4 scrolls of enchant armour
 O - a scroll of magic mapping
 S - 2 scrolls of torment
 V - 3 scrolls of immolation
 W - 2 scrolls of summoning
 Y - 4 scrolls of poison
Potions
 c - 5 potions of curing
 q - 7 potions of brilliance
 t - 3 potions of heal wounds
 u - 6 potions of attraction
 x - a potion of ambrosia
 z - 4 potions of resistance
 B - 5 potions of lignification
 X - 2 potions of might
 Z - 4 potions of flight


   Skills:
 * Level 16.7 Fighting
 + Level 17.8 Axes
 * Level 16.5 Armour
 + Level 13.1 Dodging


You had 14 spell levels left.
You didn't know any spells.
Your spell library contained the following spells:

 Spells                   Type           Power      Damage    Failure   Level
 Sandblast                Erth           0%         2d4       95%         1
 Slow                     Hex            0%         N/A       95%         1
 Summon Small Mammal      Summ           0%         N/A       95%         1
 Blink                    Tloc           0%         N/A       98%         2
 Passwall                 Tmut/Erth      0%         N/A       98%         2
 Sublimation of Blood     Necr           0%         N/A       98%         2
 Wereblood                Tmut           0%         N/A       98%         2
 Call Canine Familiar     Summ           0%         N/A       100%        3
 Confusing Touch          Hex            0%         N/A       100%        3
 Stone Arrow              Conj/Erth      0%         3d7       100%        3
 Summon Guardian Golem    Hex/Summ       0%         N/A       100%        3
 Vampiric Draining        Necr           0%         2d6       100%        3
 Animate Dead             Necr           0%         N/A       100%        4
 Manifold Assault         Tloc           0%         N/A       100%        4
 Alistair's Intoxication  Tmut/Pois      0%         N/A       100%        5
 Borgnjor's Vile Clutch   Necr/Erth      0%         N/A       100%        5
 Conjure Ball Lightning   Conj/Air       0%         3x3d6     100%        6
 Dispersal                Tloc           0%         N/A       100%        6
 Eringya's Noxious Bog    Tmut/Pois      0%         N/A       100%        6
 Haunt                    Necr/Summ      0%         N/A       100%        7
 Storm Form               Tmut/Air       0%         N/A       100%        7
 Summon Hydra             Summ           0%         N/A       100%        7
 Discord                  Hex            0%         N/A       100%        8
 Disjunction              Tloc           0%         N/A       100%        8
 Infestation              Necr           0%         N/A       100%        8


Dungeon Overview and Level Annotations

Branches:
Dungeon (13/15)            Temple (1/1) D:7            Lair (5/5) D:9
 Shoals (0/4) Lair:3        Snake (0/4) Lair:2        Slime (0/5) Lair:4
    Orc (2/2) D:12            Elf (0/3) Orc:2        Vaults (0/5) D:13

Altars:
Ashenzari
Cheibriados
Dithmenos
Elyvilon
Fedhas
Gozag
Hepliaklqana
Kikubaaqudgha
Makhleb
Nemelex Xobeh
Okawaru
Qazlal
Ru
Sif Muna
Trog
Uskayaw
Vehumet
Wu Jian
Xom
Yredelemnul
Zin
The Shining One
Jiyva

Shops:
D:6 [   D:8 (   D:12 [   D:13 ***   Orc:2 :([?:

Portals:
Hell: Lair:5

Annotations:
D:8 2 runed translucent doors
D:13 Frances


Innate Abilities, Weirdness & Mutations

You have a pair of horns on your head.
You reflexively headbutt those who attack you in melee.


Message History

The ice devil hits you but does no damage.
You feel much better. Something hits you.
Your ogre hits the ice devil but does no damage.
Something hits you but does no damage.
The ice devil hits you but does no damage.
You miss something. You slash the ice devil!
You kill the ice devil!
The ice devil disappears in a puff of smoke!
Something barely misses you.
You hit something. Your headbutt misses something. Something hits you!
Something hits you but does no damage.
You slash something! Something hits you!
* * * LOW HITPOINT WARNING * * *
You hit something but do no damage. You headbutt something.
Something completely misses you. Something hits you.
* * * LOW HITPOINT WARNING * * *
You hit something. Something hits you!
* * * LOW HITPOINT WARNING * * *
Something hits you but does no damage.
You hear some strange, mumbled words.
Your ogre hits something with a +0 giant club!!
Something hits your ogre!!
Your ogre hits something with a +0 giant club!!
Something hits your ogre!
Your ogre dies!
Your ogre's corpse disappears in a puff of smoke!
You hear some strange, mumbled words.
The smoke demon gestures at you. Something smites you!
* * * LOW HITPOINT WARNING * * *
Blink to where?
Press: ? - help, Q - select action, (/) - cycle Dir - move target
As you read the scroll of blinking, it crumbles to dust.
Okay, then.
Your skin crawls.
You feel strong-willed.
You hear some strange, mumbled words.
A shard of ice appears from out of thin air!
The shard of ice hits you!!!
You die...

♣.∩.♣..........# #
###########♣###.........# #
#...........).).........# #
#.############<.....###... #
#>........#....[#######.## #
#.##.####................ #
#..#..............##### #
#..########.#####..... #
#..........@#######..#######
######.#######...#.....#..#.....#
.......#######..{#.....#..#.....#
.##....).........#.....#..#.....#
..'..............#.....'..#.....#
###..............#.....'..#.....#
#..............#######..#''####
#......∩.....................43
#.............................4


There were no monsters in sight!

Vanquished Creatures
  Rupert (D:12)
  Gastronok (Lair:1)
  An orc warlord (Orc:1)
  An ironbound preserver (D:13)
  A dire elephant (Lair:5)
  Josephine (D:10)
  Harold (D:10)
  Erolcha (Orc:2)
  4 hydras
  2 centaur warriors
  3 boulder beetles
  3 two-headed ogres
  Urug (Lair:1)
  Nergalle (Lair:2)
  2 skysharks (Lair:5)
  A sixfirhy (Lair:5)
  Lodul (D:12)
  Pikel (D:8)
  A wizard (Lair:5)
  11 orc sorcerers
  2 manticores
  6 cyclopes
  5 black mambas
  12 elephants
  A torpor snail (Lair:5)
  12 cane toads
  14 rime drakes
  3 unseen horrors
  6 komodo dragons
  2 ice devils (Lair:5)
  7 trolls
  A hornet (D:8)
  A meliai (D:12)
  2 polar bears
  11 blink frogs
  A dream sheep (Lair:4)
  A snapping turtle (Lair:3)
  5 slime creatures
  6 wraiths
  26 yaks
  Grum (D:11)
  Eustachio (D:4)
  4 wyverns
  6 basilisks
  8 vampire mosquitoes
  10 steam dragons
  4 wargs
  2 nagas (Lair:2)
  17 water moccasins
  4 acid dragons
  2 hell hounds (Lair:5)
  Duvessa (D:5)
  12 orc warriors
  2 ice beasts
  3 sky beasts
  2 black bears
  13 ogres
  11 centaurs
  22 wolves
  4 lemures (D:8)
  3 phantoms
  3 kobold brigands
  11 bullfrogs
  A gnoll sergeant (D:12)
  3 scorpions
  Dowan (D:5)
  8 wights
  4 killer bees (D:9)
  3 electric eels
  8 howler monkeys
  3 jellies
  A hound (D:6)
  Crazy Yiuf (D:5)
  8 orc priests
  2 sleepcaps
  A gnoll bouda (D:7)
  Ijyb (D:5)
  3 iguanas
  33 orc wizards
  Robin (D:4)
  10 gnolls
  9 adders
  A shadow imp (D:7)
  An ufetubus (D:4)
  4 worms
  5 dart slugs
  49 orcs
  6 bats
  3 bat zombies (D:7)
  8 endoplasms
  4 giant cockroaches
  18 goblins
  22 hobgoblins
  7 jackals
  10 kobolds
  7 quokkas
  4 ball pythons
  A frilled lizard (D:2)
  9 rats
  A rat zombie (D:7)
570 creatures vanquished.

Vanquished Creatures (collateral kills)
  3 hydras
  3 slime creatures (D:13)
  A smoke demon (Lair:5)
  An orange demon (Lair:5)
  A cane toad (Lair:5)
  A torpor snail (Lair:5)
  A komodo dragon (Lair:5)
  2 ice devils (Lair:5)
  A red devil (Lair:5)
  A meliai (D:13)
  A troll (Orc:2)
  3 dream sheep (Lair:4)
  3 yaks (Lair:5)
  A warg (Orc:2)
  2 hell hounds (Lair:5)
  A water moccasin (Lair:4)
  An ogre (Orc:1)
  A bullfrog (Lair:4)
  A howler monkey (D:13)
  An orc priest (Orc:2)
30 creatures vanquished.

Vanquished Creatures (others)
  2 orc wizards (Orc:2)
  17 fungi
  36 plants
  4 toadstools (D:1)
59 creatures vanquished.

Grand Total: 659 creatures vanquished

Notes
Turn   | Place    | Note
-------+----------+-------------------------------------------
     0 | D:1      | Ramwell the Minotaur Berserker began the quest for the Orb.
     0 | D:1      | Reached XP level 1. HP: 19/19 MP: 0/0
   115 | D:1      | Reached XP level 2. HP: 14/27 MP: 1/1
   316 | D:1      | Reached skill level 4 in Axes
   584 | D:2      | Reached XP level 3. HP: 30/33 MP: 2/2
   739 | D:2      | Reached ** piety under Trog
  1343 | D:2      | Reached XP level 4. HP: 40/40 MP: 3/3
  1720 | D:3      | Reached skill level 5 in Axes
  1720 | D:3      | Reached XP level 5. HP: 25/47 MP: 4/4
  1848 | D:3      | Found a burning altar of Makhleb.
  1855 | D:3      | Identified the +0 robe of Majestic Freedom {rPois rF+
                  | Regen+ Str+3}
  2429 | D:4      | Noticed Robin
  2452 | D:4      | Noticed Eustachio
  2520 | D:4      | Killed Eustachio
  2521 | D:4      | Reached skill level 5 in Fighting
  2521 | D:4      | Reached skill level 6 in Axes
  2521 | D:4      | Reached XP level 6. HP: 55/56 MP: 5/5
  2899 | D:4      | Killed Robin
  2925 | D:4      | Reached *** piety under Trog
  3460 | D:4      | Reached XP level 7. HP: 54/61 MP: 6/6
  3719 | D:4      | Found a hide-covered altar of Uskayaw.
  4223 | D:5      | Entered Level 5 of the Dungeon
  4276 | D:5      | Noticed Ijyb
  4303 | D:4      | Reached skill level 7 in Axes
  4303 | D:4      | Reached skill level 5 in Armour
  4360 | D:5      | Killed Ijyb
  4361 | D:5      | Noticed Duvessa
  4382 | D:5      | Noticed Dowan
  4386 | D:5      | Killed Duvessa
  4389 | D:5      | Killed Dowan
  4545 | D:5      | Reached skill level 5 in Dodging
  4545 | D:5      | Reached XP level 8. HP: 65/70 MP: 7/7
  4886 | D:5      | Reached skill level 8 in Axes
  4984 | D:5      | Found a blossoming altar of Fedhas.
  4985 | D:5      | Found a hazy altar of Hepliaklqana.
  4997 | D:5      | Found an ornate altar of the Wu Jian Council.
  5003 | D:5      | Found an opulent altar of Gozag.
  5005 | D:5      | Found a sparkling altar of Nemelex Xobeh.
  5020 | D:5      | Found a bloodstained altar of Trog.
  5022 | D:5      | Found a shimmering altar of Xom.
  5110 | D:5      | Found a shimmering blue altar of Sif Muna.
  5110 | D:5      | Found a shadowy altar of Dithmenos.
  5308 | D:5      | Found a runed translucent door.
  5309 | D:5      | Noticed Crazy Yiuf
  5319 | D:5      | Killed Crazy Yiuf
  5863 | D:6      | Found Otewnaq's Armour Shop.
  6053 | D:6      | Reached skill level 9 in Axes
  6246 | D:6      | Reached **** piety under Trog
  6833 | D:7      | Reached XP level 9. HP: 76/79 MP: 8/8
  7096 | D:7      | Found an ancient bone altar of Kikubaaqudgha.
  7206 | D:7      | Found a staircase to the Ecumenical Temple.
  7271 | Temple   | Entered the Ecumenical Temple
  7747 | D:8      | Found Porul's Antique Weapon Shoppe.
  7761 | D:8      | Reached skill level 10 in Axes
  8025 | D:8      | Noticed Pikel
  8394 | D:8      | Reached skill level 11 in Axes
  8564 | D:8      | Killed Pikel
  8565 | D:8      | Reached XP level 10. HP: 90/90 MP: 9/9
  8797 | D:8      | Found a runed translucent door.
  8797 | D:8      | Noticed a brown ugly thing
  8798 | D:8      | Found a runed translucent door.
  8803 | D:8      | Noticed a cyclops
  8803 | D:8      | Noticed a centaur warrior
  8803 | D:8      | Noticed a seven-headed hydra
  8803 | D:8      | Noticed a boulder beetle
  8803 | D:8      | Noticed a cyclops
  8845 | D:8      | Reached skill level 12 in Axes
  8852 | D:8      | Killed a centaur warrior
  8852 | D:8      | Reached ***** piety under Trog
  8945 | D:8      | Killed a cyclops
  8949 | D:8      | Killed a cyclops
  9234 | D:8      | Reached skill level 13 in Axes
  9368 | D:8      | Killed a boulder beetle
  9369 | D:8      | Reached XP level 11. HP: 90/99 MP: 10/10
  9643 | D:9      | Reached skill level 10 in Fighting
 10123 | D:9      | Identified the +7 dagger "Spider's Nightmare" {chaos,
                  | *Corrode +Blink SInv}
 10162 | D:9      | Noticed a two-headed ogre
 10178 | D:9      | Killed a two-headed ogre
 10258 | D:9      | Found a staircase to the Lair.
 10275 | D:9      | Reached skill level 10 in Armour
 10405 | D:9      | Received a gift from Trog
 10658 | Lair:1   | Entered Level 1 of the Lair of Beasts
 10690 | Lair:1   | Reached skill level 14 in Axes
 10797 | Lair:1   | Noticed Gastronok
 10819 | Lair:1   | Killed Gastronok
 11047 | Lair:1   | Noticed Urug
 11062 | Lair:1   | Killed Urug
 11181 | Lair:1   | You fall into a shaft and drop 1 floor!
 11376 | Lair:1   | Reached skill level 15 in Axes
 11408 | Lair:1   | Identified the +7 mace of Evisceration {flame, rElec}
 11981 | Lair:1   | Reached skill level 10 in Dodging
 12015 | Lair:2   | Reached XP level 12. HP: 89/110 MP: 11/11
 12179 | Lair:2   | Noticed Nergalle
 12189 | Lair:2   | Killed Nergalle
 12314 | Lair:2   | Found a staircase to the Snake Pit.
 12620 | Lair:2   | Noticed a boulder beetle
 12660 | Lair:2   | Killed a boulder beetle
 13263 | Lair:3   | Reached skill level 16 in Axes
 13335 | Lair:3   | Identified the +0 pair of boots of Anaesthesia {Int+2}
 13636 | Lair:3   | Identified the +0 tower shield of Rationality {Fly rCorr
                  | Str-2 Int-5}
 13880 | Lair:3   | Reached XP level 13. HP: 122/122 MP: 12/12
 14188 | Lair:3   | Found a staircase to the Shoals.
 14777 | Lair:4   | Received a gift from Trog
 14908 | Lair:4   | Found a viscous altar of Jiyva.
 14908 | Lair:4   | Found a staircase to the Slime Pits.
 15247 | Lair:5   | Entered Level 5 of the Lair of Beasts
 15747 | Lair:5   | Noticed a dire elephant
 15770 | Lair:5   | Killed a dire elephant
 16575 | Lair:5   | Identified a scroll of acquirement
 16844 | Lair:5   | Found a burning altar of Makhleb.
 16854 | Lair:5   | Reached XP level 14. HP: 93/133 MP: 13/13
 16872 | Lair:5   | Reached skill level 15 in Fighting
 16872 | Lair:5   | Reached skill level 17 in Axes
 17083 | Lair:5   | Found a gateway to Hell.
 17469 | D:10     | Entered Level 10 of the Dungeon
 17566 | D:10     | Noticed Josephine
 17579 | D:10     | Killed Josephine
 17584 | D:10     | Reached skill level 15 in Armour
 17764 | D:10     | Noticed Harold
 17777 | D:10     | Killed Harold
 18980 | D:11     | Received a gift from Trog
 19580 | D:11     | Noticed Grum
 19591 | D:11     | Killed Grum
 20083 | D:12     | Found a staircase to the Orcish Mines.
 20089 | Orc:1    | Entered Level 1 of the Orcish Mines
 20685 | Orc:2    | Entered Level 2 of the Orcish Mines
 20711 | Orc:2    | Noticed a walking earthen tome
 21112 | Orc:2    | Noticed an orc warlord
 21385 | Orc:1    | Killed an orc warlord
 21393 | Orc:2    | Received a gift from Trog
 22093 | Orc:2    | Found Jatam's Magic Scroll Shop.
 22117 | Orc:2    | Found an ancient bone altar of Kikubaaqudgha.
 22262 | Orc:2    | Found Eruthroy's Antique Armour Shop.
 22286 | Orc:2    | Noticed Erolcha
 22319 | Orc:2    | Killed Erolcha
 22453 | Orc:2    | Found Pakiz's Antique Weapon Boutique.
 22468 | Orc:2    | Found Tipsehir's Book Boutique.
 22499 | Orc:2    | Found a radiant altar of Vehumet.
 22640 | Orc:2    | Found Kieraes's Book Emporium.
 22642 | Orc:2    | Noticed a walking earthen tome
 22650 | Orc:2    | Found a staircase to the Elven Halls.
 23479 | D:12     | Found Pere's Armour Shop.
 23912 | D:12     | Received a gift from Trog
 24146 | D:13     | Noticed Lodul
 24162 | D:12     | Killed Lodul
 24232 | D:13     | Noticed Rupert
 24244 | D:12     | Killed Rupert
 24265 | D:13     | Noticed Frances
 24614 | D:13     | Found Qourhiot's Assorted Antiques.
 24619 | D:13     | Bought a potion of curing for 81 gold pieces
 24619 | D:13     | Bought a potion of might for 108 gold pieces
 24619 | D:13     | Bought a scroll of teleportation for 81 gold pieces
 24707 | D:13     | Found Givoy's Assorted Antiques.
 24729 | D:13     | Bought a marble ring for 145 gold pieces
 24981 | D:13     | Noticed an ironbound preserver
 25022 | D:13     | Killed an ironbound preserver
 25023 | D:13     | Reached XP level 15. HP: 145/145 MP: 14/14
 25143 | D:13     | Found Ypemeg's General Store.
 25164 | D:13     | Bought a scroll of summoning for 152 gold pieces
 25164 | D:13     | Bought a scroll of enchant armour for 120 gold pieces
 25164 | D:13     | Bought a scroll of blinking for 120 gold pieces
 25211 | D:13     | Found a gate to the Vaults.
 25394 | D:13     | Killed from afar by Frances

Illustrated notes

Levels and vault maps discovered:
D:1:      ldierk_walled_garden_2, layout_rooms
D:2:      layout_loops_cross
D:3:      layout_rooms, bloody_makhleb, kennysheep_orc_chapel
D:4:      layout_gridville, kennysheep_little_box, serial_glass,
          glass_columns_b, glass_columns_a, uniq_robin, uniq_eustachio
D:5:      layout_cave_pools, nicolae_overflow_hallway_of_the_gods,
          nicolae_overflow_two_pavilions, sigmund_army, uniq_ijyb,
          uniq_crazy_yiuf_cottage, uniq_duvessa
D:6:      layout_loops_ring, serial_shops, nicolae_shop_trees,
          nicolae_concentric_dashed_squares_mild
D:7:      layout_gridville, lemuel_zombie_altar_kikubaaqudgha, temple_pool_b
D:8:      minmay_the_grid_triangle_9x9_rhombus_thin
          [minmay_the_grid_triangle_9x9_sparse_checkered,
          minmay_the_grid_triangle_9x9_prize_top_heavy,
          minmay_the_grid_triangle_9x9_skeleton,
          minmay_the_grid_triangle_9x9_tough_junction], layout_loops_cross,
          serial_shops, shop, chequers_serial_rivers_micro_b, kennysheep_path_1,
          hangedman_abyss_or_decor_lesser_grid, uniq_pikel
D:9:      layout_basic, david_lair_generic
D:10:     layout_loops_ring, minmay_door_square,
          nicolae_concentric_dashed_squares_wild, uniq_josephine, uniq_harold
D:11:     layout_layer_cave, uniq_grum
D:12:     layout_loops_cross, orc_0_dummy, serial_shops,
          nicolae_shop_tiny_waterfront
D:13:     layout_basic, skrybe_vaults_entry_preservation, serial_shops, shop,
          shop, shop, nicolae_shop_trees, hangedman_abyss_or_decor_stabs,
          kennysheep_big_empty_room, uniq_frances, uniq_jorgrun, uniq_rupert,
          uniq_lodul
Temple:   cyrus_temple_forest
Lair:1:   layout_gridlike, serial_bayou_shore_a, grunt_megastairs_5,
          uniq_gastronok, uniq_urug
Lair:2:   layout_long_grid, guppyfry_snake_entry_island, uniq_nergalle
Lair:3:   layout_chaotic_city, minmay_shoals_entry_hut,
          bobbens_dragon_lair_wall, infiniplex_staircase_pool_2
Lair:4:   layout_cave_shapes, dpeg_slime_entry_corner, lemuel_fruit_tree
Lair:5:   evil_forest, layout_cave_pods, minivault_27
Orc:1:    layout_diamond_mine
Orc:2:    kennysheep_orc_mage_school, layout_diamond_mine, serial_shops,
          nicolae_shop_mannequins

Skill      XL: |  1  2  3  4  5  6  7  8  9 10 11 12 13 14 |
---------------+-------------------------------------------+-----
Fighting       | 4 5 6 7 8 9 11 13 14 16 | 16.7
Axes           | 4 5 6 7 9 11 13 15 16 17 | 17.8
Armour         | 3 4 5 6 8 9 11 12 14 16 | 16.5
Dodging        | 3 4 5 6 7 8 10 11 12 13 | 13.1

Action                     |  1- 3 |  4- 6 |  7- 9 | 10-12 | 13-15 || total
---------------------------+-------+-------+-------+-------+-------++-------
  Melee: Hand axe          |   103 |   150 |   239 |       |       ||   492
         Headbutt          |     8 |    22 |    51 |    67 |   123 ||   271
         Battleaxe         |       |       |    46 |   352 |    51 ||   449
         Executioner's axe |       |       |       |       |   573 ||   573
  Throw: Dart              |       |     4 |       |     7 |     8 ||    19
         Stone             |       |       |       |     5 |       ||     5
 Invoke: Berserk           |     2 |     2 |     4 |     4 |     7 ||    19
         Trog's Hand       |       |     1 |       |     1 |     1 ||     3
         Brothers in Arms  |       |       |       |       |    14 ||    14
  Evoke: Wand              |       |       |       |     7 |     4 ||    11
    Use: Scroll            |     2 |    12 |    12 |     1 |     8 ||    35
         Potion            |       |       |     1 |       |     9 ||    10
   Stab: Paralysed         |       |       |       |     2 |       ||     2
         Distracted        |       |       |       |       |     2 ||     2
 Armour: Animal skin       |     5 |       |       |       |       ||     5
         Ring mail         |    21 |    42 |   130 |   115 |       ||   308
         Robe              |       |       |       |    65 |       ||    65
         Skin              |       |       |       |     8 |    11 ||    19
         Plate armour      |       |       |       |     2 |   567 ||   569
  Dodge: Dodged            |    54 |    51 |   131 |   281 |   408 ||   925
  Block: Kite shield       |    23 |    39 |    81 |       |       ||   143
